 Dungeon Crawl Stone Soup version 0.31-a0-765-g67fe2935dc (webtiles) character file.

Game seed: 15671455258303295037

13 Essalna the Conjurer (level 2, 0/19 HPs)
             Began as a Demonspawn Conjurer on Sept 16, 2023.
             Slain by a hobgoblin (5 damage)
             ... on level 2 of the Dungeon.
             The game lasted 00:00:51 (502 turns).

Essalna the Conjurer (Demonspawn Conjurer)           Turns: 502, Time: 00:00:51

Health: 0/19       AC:  2    Str:  7    XL:     2   Next: 24%
Magic:  5/5        EV: 12    Int: 19    God:
Gold:   22         SH:  0    Dex: 13    Spells: 4/5 levels left

rFire   . . .        d - +0 club
rCold   . . .        (no shield)
rNeg    . . .        a - +0 robe
rPois   .            (no helmet)
rElec   .            (no cloak)
rCorr   .            (no gloves)
SInv    .            (no boots)
Will    .....        (no amulet)
Stlth   +++          (no ring)
HPRegen 0.23/turn    (no ring)
MPRegen 0.09/turn

%: no passive effects
@: no status effects
A: thin skeletal structure 1
a: no special abilities


You were on level 2 of the Dungeon.
You visited 1 branch of the dungeon, and saw 2 of its levels.

You collected 22 gold pieces.

Inventory:

Hand Weapons
 d - a +0 club (weapon)
Armour
 a - a +0 robe (worn)
Scrolls
 f - a scroll of amnesia {unknown}
Potions
 b - a potion of magic
 c - a potion of ambrosia {unknown}
 e - a potion of berserk rage {unknown}


   Skills:
 - Level 1.7 Dodging
 - Level 1.7 Stealth
 + Level 2.4 Spellcasting
 + Level 4.3 Conjurations


You had 4 spell levels left.
You knew the following spells:

 Your Spells              Type           Power      Damage    Failure   Level
a - Magic Dart            Conj           72%        1d6       2%          1

Your spell library contained the following spells:

 Spells                   Type           Power      Damage    Failure   Level
 Searing Ray              Conj           36%        2d5       4%          2
 Dazzling Flash           Conj/Hex       20%        N/A       21%         3
 Frozen Ramparts          Ice            4%         1d1       43%         3
 Fulminant Prism          Conj/Hex       5%         3d6       54%         4
 Iskenderun's Mystic Bla  Conj/Tloc      10%        2d4       54%         4
 Petrify                  Tmut/Erth      2%         N/A       85%         4
 Metabolic Englaciation   Hex/Ice        1%         N/A       99%         5


Dungeon Overview and Level Annotations

Branches:
Dungeon (2/15)

Altars:


Innate Abilities, Weirdness & Mutations

You have a somewhat thin skeletal structure. (Dex +2, Stealth+)


Message History

The hobgoblin hits you. The hobgoblin barely misses you.
The hobgoblin misses you. The hobgoblin closely misses you.
The hobgoblin barely misses you. The hobgoblin closely misses you.
The hobgoblin barely misses you. The hobgoblin hits you.
The hobgoblin hits you but does no damage.
A bat comes into view.
The hobgoblin barely misses you. The hobgoblin closely misses you.
The hobgoblin barely misses you. The hobgoblin hits you.
The hobgoblin closely misses you. The hobgoblin hits you.
The hobgoblin closely misses you. The hobgoblin barely misses you.
The hobgoblin barely misses you.
The hobgoblin hits you but does no damage.
The hobgoblin barely misses you. The hobgoblin misses you.
The hobgoblin hits you but does no damage.
The hobgoblin hits you. The hobgoblin hits you. The hobgoblin hits you.
The hobgoblin closely misses you.
The hobgoblin hits you but does no damage.
The hobgoblin barely misses you. The hobgoblin closely misses you.
The hobgoblin hits you. The hobgoblin closely misses you.
The hobgoblin hits you. The hobgoblin hits you.
* * * LOW HITPOINT WARNING * * *
The hobgoblin closely misses you. The hobgoblin closely misses you.
The hobgoblin hits you but does no damage.
The hobgoblin hits you.
You die...

.#.#. ......##
#...... ....
## #..#.. ....
. #..#.# ...#
#.#..#.# ..#
#.#....# #.#
#....g.#
#.######...@#
#..[........#
#
#......#.####
#.#.####.....
#....# #######
#..#.###
#...#...######
#.#####......#
#. #...####.#


You could see a hobgoblin.

Vanquished Creatures
  A dart slug (D:1)
  2 endoplasms (D:1)
  A goblin (D:1)
  3 hobgoblins (D:1)
  A kobold (D:1)
  A rat (D:1)
9 creatures vanquished.

Notes
Turn   | Place    | Note
-------+----------+-------------------------------------------
     0 | D:1      | Essalna the Demonspawn Conjurer began the quest for the
                  | Orb.
     0 | D:1      | Reached XP level 1. HP: 13/13 MP: 3/3
   179 | D:1      | Gained mutation: You have a somewhat thin skeletal
                  | structure. (Dex +2, Stealth+) [demonic ancestry]
   179 | D:1      | Reached XP level 2. HP: 18/19 MP: 1/5
   502 | D:2      | Slain by a hobgoblin

Illustrated notes

Levels and vault maps discovered:
D:1:      kennysheep_arrival_seaside, layout_basic,
          shapermc_ecumenical_altar_pompeii
D:2:      layout_loops_ring, minmay_puff, uniq_sigmund, uniq_robin

Action                     || total
---------------------------++-------
  Melee: Club              ||    18
   Cast: Magic Dart        ||    15
 Armour: Robe              ||    23
  Dodge: Dodged            ||    38

Table legend: (Time is in decaauts)
 A = Elapsed time spent in this place.
 B = Non-inter-level travel time spent in this place.
 C = Inter-level travel time spent in this place.
 D = Time resting spent in this place.
 E = Time spent auto-exploring this place.
 F = Levels seen in this place.
 G = Mean time per level.
                   A        B        C        D        E       F      G
               +--------+--------+--------+--------+--------+-----+--------+
         Total |    506 |    453 |     53 |      0 |    340 |   2 |  253.0 |
       Dungeon |    506 |    453 |     53 |      0 |    340 |   2 |  253.0 |
               +--------+--------+--------+--------+--------+-----+--------+

Top non-repeatable levels by time:
     D:1: 415 daAuts
     D:2: 90 daAuts
